 Dungeon Crawl Stone Soup version 0.18-a0-1370-gc45fe74 (webtiles) character file.

98 Minkie the Sneak (level 4, -1/21 HPs)
             Began as a Spriggan Enchanter on Feb 21, 2016.
             Killed from afar by an orc wizard (10 damage)
             ... with a puff of flame
             ... on level 4 of the Dungeon.
             The game lasted 00:08:13 (3083 turns).

Minkie the Sneak (Spriggan Enchanter)               Turns: 3083, Time: 00:08:13

Health: -1/21      AC:  3    Str:  4    XL:     4   Next: 44%
Magic:  10/10      EV: 19    Int: 17    God:
Gold:   113        SH:  0    Dex: 16    Spells: 2 memorised, 6 levels left

rFire  x . .     SeeInvis +     a - +1 dagger
rCold  + . .     Gourm    .     b - +1 robe
rNeg   . . .     Faith    .     (shield restricted)
rPois  .         Spirit   .     (helmet restricted)
rElec  .         Dismiss  .     (no cloak)
rCorr  .         Reflect  .     (gloves unavailable)
SustAt .         Harm     .     (boots unavailable)
MR     .....                    (no amulet)
Stlth  +++.......               (no ring)
                                l - ring of ice

@: very quick, not resistant to hostile enchantments, fairly stealthy
A: unfitting armour, see invisible, herbivore 3, speed 3, slow metabolism 2
a: no special abilities


You were on level 4 of the Dungeon.
You were not hungry.

You visited 1 branch of the dungeon, and saw 4 of its levels.

You collected 113 gold pieces.

Inventory:

Hand Weapons
 a - a +1 dagger (weapon)
Armour
 b - a +1 robe (worn)
Jewellery
 l - a ring of ice (left hand)
 p - an uncursed ring of flight
Scrolls
 e - 2 scrolls of fear {unknown}
 f - a scroll of remove curse {unknown}
 h - a scroll of random uselessness {unknown}
 i - 4 scrolls of identify {unknown}
 j - a scroll of immolation {unknown}
 m - a scroll of teleportation {unknown}
 n - a scroll of enchant weapon {unknown}
 o - a scroll of noise {unknown}
 r - a scroll of magic mapping {unknown}
Potions
 g - 2 potions of curing {unknown}
 k - 2 potions of brilliance {unknown}
 q - a potion of berserk rage {unknown}
Books
 c - a book of Maledictions

   Spells                             Type                      Level
   a - Corona                         Hexes                        1
   b - Ensorcelled Hibernation        Hexes/Ice                    2
   c - Confuse                        Hexes                        3
   d - Tukima's Dance                 Hexes                        3
   e - Dazzling Spray                 Conjuration/Hexes            3
Comestibles
 d - 2 bread rations


   Skills:
 + Level 2.3 Short Blades
 + Level 3.7 Dodging
 + Level 5.6 Stealth
 + Level 3.4 Spellcasting
 + Level 4.3 Hexes


You had 6 spell levels left.
You knew the following spells:

 Your Spells              Type           Power        Failure   Level  Hunger
a - Corona                Hex            ###....      2%          1    None
b - Ensorcelled Hibernat  Hex/Ice        ###...       12%         2    ##.....


Dungeon Overview and Level Annotations

Branches:
Dungeon (4/15)
 Temple: D:4-7

Altars:
Pakellas


Innate Abilities, Weirdness & Mutations

You are tiny and cannot use many weapons and most armour.
You have supernaturally acute eyesight.
You are an herbivore.
You cover ground extremely quickly.
You need consume almost no food.


Message History

You hit the orc wizard but do no damage.
The orc wizard is moderately wounded.
The orc wizard barely misses you. The orc wizard misses you.
An orc comes into view. It is wielding a hand axe.
You hit the orc wizard.
The orc wizard is heavily wounded.
The orc wizard points at you and mumbles some strange words.
The magic dart hits you!
You closely miss the orc wizard.
The orc wizard is heavily wounded.
The orc wizard closely misses you.
You hit the orc wizard.
The orc wizard is heavily wounded.
The orc wizard casts a spell at you. The puff of frost hits you! You resist.
The orc wizard barely misses you.
You hit the orc wizard.
The orc wizard is heavily wounded.
The orc wizard casts a spell at you. The puff of flame hits you!
The fire burns you terribly!
You die... ... .oo

..# ### ..# ###.## .o#
#########....## ..#
#.........#.#@#####..##...
#[######....##oooooo.....o
........#######olo........
#..######.## #.oZ....####.
#. ##.##..###...o.......
##..##...#...#........####
..................$...#
#..##...#............#
##.#########.###.#


You could see an orc warrior, an iguana, an orc wizard, 8 orcs and a hound
skeleton.

Vanquished Creatures
  4 adders (D:2)
  A gnoll (D:1)
  An ooze (D:1)
  A worm (D:2)
  A giant gecko (D:4)
  2 orcs (D:4)
  5 bats
  3 giant cockroaches
  7 goblins
  4 hobgoblins
  4 jackals (D:2)
  A giant newt (D:2)
  4 kobolds
  6 rats
44 creatures vanquished.

Vanquished Creatures (others)
  A boulder beetle (D:3)
1 creature vanquished.

Grand Total: 45 creatures vanquished

Notes
Turn   | Place    | Note
--------------------------------------------------------------
     0 | D:1      | Minkie the Spriggan Enchanter began the quest for the Orb.
     0 | D:1      | Reached XP level 1. HP: 9/9 MP: 5/5
   215 | D:1      | Reached XP level 2. HP: 2/13 MP: 7/7
   482 | D:1      | Learned a level 2 spell: Ensorcelled Hibernation
  1079 | D:1      | Reached XP level 3. HP: 16/16 MP: 3/8
  1143 | D:1      | Reached skill level 5 in Stealth
  1830 | D:2      | Reached XP level 4. HP: 21/21 MP: 4/9
  2105 | D:2      | Found a faded altar to an unknown god.
  2331 | D:3      | Found an oddly glowing altar of Pakellas.
  2332 | D:3      | Noticed a boulder beetle
  2350 | D:3      | Killed a boulder beetle
  3055 | D:4      | Noticed an orc warrior
  3083 | D:4      | Killed from afar by an orc wizard

Vault maps used:
D:1:      lightli_arrival_windingriver
D:2:      ecumenical_altar_1, serial_aquarium, aquarium_bridge_straight,
          aquarium_window_2, aquarium_window_1, aquarium_view_2a,
          aquarium_pool_2
D:3:      gammafunk_pakellas_spire_experiment
D:4:      kiku_gazebo_pond_becter, first_bread

Action                   |  1- 3 |  4- 6 || total
-------------------------+-------+-------++-------
Melee: Dagger            |   144 |    33 ||   177
 Cast: Ensorcelled Hiber |     9 |     5 ||    14
 Stab: Sleeping          |    14 |     7 ||    21
       Distracted        |     1 |       ||     1
  Eat: Pizza             |       |     1 ||     1
